 Dungeon Crawl Stone Soup version 0.25-a0-842-g81a31cf (webtiles) character file.

Game seed: 9714414523663290280, levelgen mode: deterministic

514 Genovi the Charlatan (level 7, -1/57 HPs)
             Began as a White Draconian Artificer on Apr 25, 2020.
             Slain by a worker ant (6 damage)
             ... on level 4 of the Dungeon.
             The game lasted 00:19:29 (3858 turns).

Genovi the Charlatan (White Draconian Artificer)    Turns: 3858, Time: 00:19:29

Health: -1/57      AC:  7    Str: 15      XL:     7   Next: 0%
Magic:  10/10      EV: 14    Int: 12 (13) God:
Gold:   192        SH:  0    Dex: 11      Spells: 6/6 levels left

rFire    . . .     SeeInvis .   a - +0 short sword
rCold    + . .     Gourm    .   (no shield)
rNeg     . . .     Faith    .   (armour unavailable)
rPois    .         Spirit   .   (helmet restricted)
rElec    .         Reflect  .   d - +0 cloak
rCorr    .         Harm     .   (no gloves)
MR       .....                  (no boots)
Stlth    ++........             (no amulet)
HPRegen  0.00/turn              i - ring of wizardry
MPRegen  0.12/turn              (no ring)

@: lethally poisoned (-1 -> -15), hasted, very quick
A: breathe frost, unfitting armour, blurry vision 1, cold resistance 1,
deterioration 1, sense surroundings 1, inhibited regeneration, cold-blooded, AC
+6
a: Breathe Frost


You were on level 4 of the Dungeon.
You were not hungry.

You visited 1 branch of the dungeon, and saw 4 of its levels.

You collected 192 gold pieces.

Inventory:

Hand Weapons
 a - a +0 short sword (weapon)
Missiles
 g - 5 boomerangs (quivered)
Armour
 d - a +0 cloak (worn)
 j - a +1 hat
Jewellery
 i - a ring of wizardry (left hand)
 r - an uncursed amulet of guardian spirit {unknown}
Wands
 b - a wand of flame (10)
 c - a wand of enslavement (11)
Scrolls
 e - a scroll of immolation {unknown}
 k - a scroll of enchant weapon {unknown}
 n - a scroll of remove curse
 p - 2 scrolls of amnesia {unknown}
Potions
 h - 2 potions of haste
 o - 3 potions of degeneration
Comestibles
 f - 9 rations


   Skills:
 - Level 3.0 Fighting
 - Level 1.0 Short Blades
 * Level 4.5 Dodging
 - Level 3.0 Stealth
 - Level 5.0 Evocations


You had 6 spell levels left.
You didn't know any spells.
Your spell library was empty.

Dungeon Overview and Level Annotations

Branches:
Dungeon (4/15)
 Temple: D:4-7

Altars:
Makhleb


Innate Abilities, Weirdness & Mutations

You can breathe waves of freezing cold.
You can buffet flying creatures when you breathe cold.
Your icy white scales are hard. (AC +6)
You cannot fit into any form of body armour.
Your flesh is cold resistant. (rC+)
You are cold-blooded and may be slowed by cold attacks.
Scrolls take you a little longer to read.
Your body sometimes deteriorates upon taking damage.
You passively map a small area around you.
You do not regenerate when monsters are visible.


Message History

You hit the worker ant.
You tail-slap the worker ant, but do no damage.
The worker ant is severely wounded.
* * * LOW HITPOINT WARNING * * *
You feel sick. The worker ant barely misses you.
You hit the worker ant but do no damage.
The worker ant is severely wounded.
* * * LOW HITPOINT WARNING * * *
You feel sick. The worker ant barely misses you.
You hit the worker ant.
The worker ant is severely wounded.
You hit the worker ant but do no damage.
The worker ant is severely wounded.
* * * LOW HITPOINT WARNING * * *
You feel sick. The worker ant misses you.
You barely miss the worker ant.
The worker ant is severely wounded.
* * * LOW HITPOINT WARNING * * *
You feel sick. The worker ant bites you.
You die...

##.####.#
#...S[.... ###
#..# *(#
#.#.......*
########.## .#
#.#.......
#.........##.#
#.#.......
#.........##.#
#O#.......
#..........#.#
#l#...O...
#........#.#.#
#S#.......
#........#.#.#
#a#.......
##########.#.#
#@# ** #...#
#.# ##..###.#
##......#
#.......#
#.......#
#.......#
###>#...#
#######


You could see an ogre, an iguana, a worker ant and an adder.

Vanquished Creatures
  A phantom (D:4)
  A crimson imp (D:3)
  A hound (D:4)
  5 orc wizards
  Crazy Yiuf (D:2)
  9 adders
  An ooze (D:2)
  A dart slug (D:2)
  A leopard gecko (D:4)
  17 orcs
  2 giant cockroaches
  11 goblins
  7 hobgoblins
  2 quokkas (D:3)
  A ball python (D:4)
  2 bats
  4 frilled lizards
  5 kobolds
  8 rats
80 creatures vanquished.

Vanquished Creatures (others)
  An orc priest (D:4)
  2 orc wizards
3 creatures vanquished.

Grand Total: 83 creatures vanquished

Notes
Turn   | Place    | Note
-------+----------+-------------------------------------------
     0 | D:1      | Genovi the Draconian Artificer began the quest for the Orb.
     0 | D:1      | Reached XP level 1. HP: 16/16 MP: 3/3
   665 | D:1      | Reached XP level 2. HP: 23/23 MP: 4/4
  1272 | D:2      | Found a burning altar of Makhleb.
  1305 | D:2      | Found a runed translucent door.
  1306 | D:2      | Noticed Crazy Yiuf
  1411 | D:2      | Reached XP level 3. HP: 10/29 MP: 5/5
  1623 | D:2      | Reached skill level 4 in Evocations
  2358 | D:2      | Killed Crazy Yiuf
  2358 | D:2      | Reached XP level 4. HP: 37/37 MP: 7/7
  2614 | D:3      | Reached skill level 1 in Stealth
  2684 | D:3      | Reached skill level 5 in Evocations
  2684 | D:3      | Reached XP level 5. HP: 37/45 MP: 8/8
  2989 | D:3      | Reached XP level 6. HP: 40/51 MP: 9/9
  3764 | D:4      | Your scales start taking on an icy white colour.
  3764 | D:4      | Reached XP level 7. HP: 52/57 MP: 10/10
  3764 | D:4      | Gained mutation: Your flesh is cold resistant. (rC+) [White
                  | Draconian growth]
  3847 | D:4      | Gained mutation: Scrolls take you a little longer to read.
                  | [potion of mutation]
  3847 | D:4      | Gained mutation: You do not regenerate when monsters are
                  | visible. [potion of mutation]
  3847 | D:4      | Gained mutation: Your body sometimes deteriorates upon
                  | taking damage. [potion of mutation]
  3847 | D:4      | Gained mutation: You passively map a small area around you.
                  | [potion of mutation]
  3858 | D:4      | Slain by a worker ant

Levels and vault maps discovered:
D:1:      dpeg_arrival_lava_temple_mockup, layout_basic
D:2:      layout_loops_ring, first_ration, bloody_makhleb,
          uniq_crazy_yiuf_cottage
D:3:      layout_basic, portal_sewer_entry_d, serial_bayou_pond_a
D:4:      layout_basic

Skill      XL: |  1  2  3  4  5  6 |
---------------+-------------------+-----
Fighting       | 2 3 |  3.0
Evocations     | 4 5 |  5.0
Stealth        | 1 2 3 |  3.0
Dodging        | 2 3 4 |  4.5
Short Blades   | |  1.0

Action                   |  1- 3 |  4- 6 |  7- 9 || total
-------------------------+-------+-------+-------++-------
Melee: Short sword       |    98 |   303 |    17 ||   418
       Tailslap          |    10 |    34 |     3 ||    47
Evoke: Wand              |    16 |     8 |       ||    24
  Use: Potion            |       |     5 |     2 ||     7
       Scroll            |       |     2 |     1 ||     3
 Stab: Sleeping          |     4 |     3 |       ||     7
       Paralysed         |     2 |       |       ||     2
  Eat: Chunk             |     4 |     5 |     1 ||    10
Armor: Skin              |    23 |   100 |     3 ||   126
Dodge: Dodged            |    66 |   163 |     8 ||   237

Table legend:
 A = Non-vault XP
 B = Vault XP
 C = Vault XP percentage of total XP
 D = Non-vault monster count
 E = Vault monster count
 F = Vault count percentage of total count
                 A         B        C        D         E       F
            +---------+---------+-------+---------+---------+-------
      Total |     681 |      54 |   7.3 |      79 |       2 |   2.5
            +---------+---------+-------+---------+---------+-------
        D:1 |      18 |       0 |   0.0 |      13 |       0 |   0.0
        D:2 |      58 |      41 |  41.4 |      16 |       1 |   5.9
        D:3 |     274 |      13 |   4.5 |      31 |       1 |   3.1
        D:4 |     331 |       0 |   0.0 |      19 |       0 |   0.0
            +---------+---------+-------+---------+---------+-------
